 Dungeon Crawl Stone Soup version 0.15.2 (webtiles) character file.

65 Amnesiac the Insei (level 3, 0/29 HPs)
             Began as a Mummy Monk on Dec 27, 2017.
             Slain by a bat (1 damage)
             ... on Level 1 of the Dungeon.
             The game lasted 00:07:12 (5000 turns).

Amnesiac the Insei (Mummy Monk)                     Turns: 5000, Time: 00:07:13

HP   0/29        AC  0     Str 14      XL: 3   Next: 92%
MP   3/3         EV 10     Int  9      God:
Gold 171         SH  7     Dex 15      Spells:  0 memorised,  2 levels left

rFire  x . .     SeeInvis .       - Unarmed
rCold  + . .     Clarity  .     (no armour)
rNeg   + + +     rCorr    .     g - +0 shield
rPois  +         rRot     +     (no helmet)
rElec  .         Spirit   .     (no cloak)
SustAb .         Warding  .     (no gloves)
rMut   .         Stasis   .     (no boots)
Gourm  .                        (no amulet)
MR     .....                    (no ring)
                                h - ring of positive energy

@: not resistant to hostile enchantments, unstealthy
A: no food or potions, fire vulnerability, restore body, cold resistance 1,
negative energy resistance 3, poison resistance, torment resistance, unbreathing
a: no special abilities


You were on level 1 of the Dungeon.
You were not hungry.

You visited 1 branch of the dungeon, and saw 4 of its levels.

You collected 171 gold pieces.

Inventory:

Armour
 g - a +0 shield (worn)
Scrolls
 c - a scroll of identify {unknown}
 d - 3 scrolls of remove curse
 e - a scroll of magic mapping
Jewellery
 a - an uncursed amulet of faith {unknown}
 h - a ring of positive energy (left hand)
Potions
 f - 2 potions of poison {unknown}


   Skills:
 - Level 3.0 Fighting
 - Level 2.4 Dodging
 - Level 1.5 Stealth
 + Level 4.6 Unarmed Combat


You had 2 spell levels left.
You didn't know any spells.

Dungeon Overview and Level Annotations

Branches:
Dungeon (4/15)
 Temple: D:4-7

Altars:
Fedhas
Yredelemnul
Zin

Annotations:
D:2 Terence
D:3 exclusion: oklob plant


Innate Abilities, Weirdness & Mutations

You do not eat or drink.
Your flesh is vulnerable to fire.
Your flesh is cold resistant.
You are immune to negative energy.
Your system is resistant to poisons.
You are immune to unholy pain and torment.
You can survive without breathing.


Message History

There is an open door here.
The scorpion stings you!
* * * LOW HITPOINT WARNING * * *
There is an open door here.
A bat comes into view.
The bat closely misses you. The bat hits you. The bat hits you.
* * * LOW HITPOINT WARNING * * *
You block the bat's attack.
You miss the bat. The bat hits you.
* * * LOW HITPOINT WARNING * * *
The bat barely misses you. The scorpion stings you.
* * * LOW HITPOINT WARNING * * *
The bat closely misses you. The bat closely misses you.
The bat closely misses you. The scorpion barely misses you.
The bat closely misses you. The bat hits you.
You die...

....# #..........#.# #####
##.........#.# #.........#.#
######## #....######'# #......#
#....#....... #......#
########(...#....... #......#
#....s..##'##....... #......#
#.......##b##.......
###......#####..@b...##.##.......
....(.......(............+.......
.#############...........#.......
.## #................... ..###
#####............... #...####
#............... ###....###
#.....!.#....... ####...##
#.......#...##'# ## ###..#
#....(..##..##.#


You could see a scorpion and a bat.

Vanquished Creatures
  An adder (D:2)
  A worm (D:4)
  2 giant geckos
  An ooze (D:1)
  2 orcs
  6 goblins
  6 hobgoblins
  2 jackals (D:3)
  A quokka (D:4)
  5 bats
  A giant cockroach (D:1)
  5 giant newts
  A giant newt skeleton (D:4)
  7 kobolds
  7 rats
48 creatures vanquished.

Notes
Turn   | Place    | Note
--------------------------------------------------------------
     0 | D:1      | Amnesiac, the Mummy Monk, began the quest for the Orb.
     0 | D:1      | Reached XP level 1. HP: 18/18 MP: 1/1
   639 | D:1      | Reached XP level 2. HP: 13/24 MP: 2/2
  1336 | D:1      | Reached skill level 4 in Unarmed Combat
  1853 | D:2      | Noticed Terence
  1921 | D:2      | Reached XP level 3. HP: 27/29 MP: 3/3
  3224 | D:3      | Found a basalt altar of Yredelemnul.
  3231 | D:3      | Found a blossoming altar of Fedhas.
  3243 | D:3      | Noticed an oklob plant
  4247 | D:4      | Found a glowing silver altar of Zin.
  4247 | D:4      | Noticed a scorpion
  4996 | D:1      | HP: 1/29 [scorpion (6)]
  5000 | D:1      | Slain by a bat

Action                   || total
-------------------------++-------
Melee: Unarmed           ||   218
  Use: Scroll            ||     8
 Stab: Sleeping          ||     4
